AoeStats
← VIT Liereyy

Arabian Desert

509112597Analyzed
1v1 RM · 7d ago on Sep 25, 2026· 20m 25s· 2 players
Game mode
Random Map
Map size
Tiny (2 player)
Population
200
Speed
Normal
Resources
Standard
Victory
Conquest
Starting age
Dark Age
Ending age
Imperial Age
RankedLock teamsTeams togetherTeam positionsShared explorationLock speedFull tech treeHidden civsTurbo modeCheats
Victory
Defeat
🇦🇹 Wei · Austria
2967
+4
🇺🇸 Wu · United States
2603
-4
T90Official
5:58 Loom
8:49 Feudal Age
8:58 Man-at-Arms
13:58 Fletching
17:24 Padded Archer Armor
VIT Liereyy
5:57 Loom
8:33 Feudal Age
9:02 Double-Bit Axe
14:35 Fletching
17:10 Padded Archer Armor
22:37 Castle Age
Connection lost

Rejoining the realm…

Still unreachable

The connection could not be restored.

Session expired

The server has moved on; the page needs a fresh start.